 Dungeon Crawl Stone Soup version 0.19-a0-1932-g59670f6 (webtiles) character file.

4 taqueso the Digger (level 1, -1/10 HPs)
             Began as a Gargoyle Earth Elementalist on Oct 26, 2016.
             Slain by a hobgoblin (4 damage)
             ... on level 1 of the Dungeon.
             The game lasted 00:01:04 (368 turns).

taqueso the Digger (Gargoyle Earth Elementalist)     Turns: 368, Time: 00:01:05

Health: -1/10      AC:  4    Str: 11    XL:     1   Next: 70%
Magic:  0/3        EV: 12    Int: 15    God:
Gold:   14         SH:  0    Dex: 10    Spells: 1 memorised, 3 levels left

rFire  . . .     SeeInvis .     (no weapon)
rCold  . . .     Gourm    .     c - +0 robe
rNeg   + . .     Faith    .     (no shield)
rPois  ∞         Spirit   .     (no helmet)
rElec  +         Reflect  .     (no cloak)
rCorr  .         Harm     .     (no gloves)
MR     .....                    (no boots)
Stlth  ++........               (no amulet)
                                (no ring)
                                (no ring)

@: very slightly contaminated
A: negative energy resistance 1, electricity resistance, unbreathing,
petrification resistance, rot immunity, AC +2
a: no special abilities


You were on level 1 of the Dungeon.
You were not hungry.

You visited 1 branch of the dungeon, and saw 1 of its levels.

You collected 14 gold pieces.

Inventory:

Missiles
 a - 3 needles of sleeping
 b - 54 stones (quivered)
Armour
 c - a +0 robe (worn)
Books
 e - a book of Geomancy
Comestibles
 d - a bread ration {@e1}


   Skills:
 - Level 1.5 Dodging
 - Level 2.1 Stealth
 - Level 2.0 Spellcasting
   Level 0.7 Transmutations
 * Level 4.1 Earth Magic


You had 3 spell levels left.
You knew the following spells:

 Your Spells              Type           Power        Failure   Level  Hunger
a - Sandblast             Erth           ##....       4%          1    #......


Dungeon Overview and Level Annotations

Branches:
Dungeon (1/15)

Altars:


Innate Abilities, Weirdness & Mutations

You are resistant to torment.
Your stone body is resilient. (AC +2)
You are immune to poison.
You resist negative energy. (rN+)
You are resistant to electric shocks. (rElec)
You can survive without breathing.
You are immune to petrification.
You are immune to rotting.


Message History

You see here a stone.
You hit the bat.
You kill the bat!
No target in view!
No target in view!
No target in view!
b - 35 stones (gained 1)
b - 37 stones (gained 2)
b - 38 stones (gained 1)
b - 39 stones (gained 1)
b - 55 stones (gained 16)
There is an open door here.
A goblin comes into view.
Health restored: 10
Aim: a goblin (resting)
You throw a stone. The stone hits the goblin.
The goblin shouts!
Aim: a goblin (moderately wounded)
You throw a stone. The stone barely misses the goblin.
Aim: a goblin (moderately wounded)
You throw a stone. The stone hits the goblin.
You hit the goblin.
You kill the goblin!
No target in view!
No target in view!
No target in view!
No target in view!
b - 53 stones (gained 1)
b - 54 stones (gained 1) As you open the door, it creaks loudly!
A dart slug comes into view.
There is an open door here.
The dart slug closely misses you.
You hit the dart slug but do no damage. The dart slug launches a dart at you.
The slug dart misses you.
You hit the dart slug but do no damage. You hit the dart slug but do no damage.
The dart slug bites you.
You take 3 damage, and have 7/10 hp.
MASSIVE DAMAGE!!
Aim: a dart slug (clinging)
The blast of sand hits the dart slug.
The dart slug bites you but does no damage.
You now have 2/3 mp.
Aim: a dart slug (almost dead, clinging)
The blast of sand hits the dart slug.
You kill the dart slug!
Your Earth Magic skill increases to level 4!
You now have 1/3 mp.
You start resting.
Health restored: 10; MP restored: 3 A hobgoblin comes into view.
It is wielding a club.
You start waiting.
Done waiting.
The hobgoblin shouts!
You hear a shout!
The hobgoblin barely misses you.
Aim: a hobgoblin, wielding a club The blast of sand hits the hobgoblin.
You now have 2/3 mp.
Aim: a hobgoblin, wielding a club (heavily wounded)
The blast of sand hits the hobgoblin.
The hobgoblin hits you with a club.
You take 2 damage, and have 8/10 hp.
You now have 1/3 mp.
You hit the hobgoblin. The hobgoblin barely misses you.
You completely miss the hobgoblin. The hobgoblin barely misses you.
A hobgoblin comes into view.
Aim: a hobgoblin, wielding a club (almost dead)
The blast of sand misses the hobgoblin.
The hobgoblin misses you.
You now have 0/3 mp.
You hit the hobgoblin but do no damage. The hobgoblin hits you with a club.
You take 1 damage, and have 7/10 hp.
You barely miss the hobgoblin.
The hobgoblin hits you but does no damage.
You don't have enough magic to cast that spell.
You hit the hobgoblin. The hobgoblin barely misses you.
A kobold comes into view.
The kobold shouts!
You hit the hobgoblin but do no damage. The hobgoblin barely misses you.
You hit the hobgoblin. The hobgoblin barely misses you.
You hit the hobgoblin but do no damage. The hobgoblin closely misses you.
You hit the hobgoblin but do no damage. The hobgoblin misses you.
You closely miss the hobgoblin. The hobgoblin hits you.
You take 3 damage, and have 4/10 hp.
MASSIVE DAMAGE!!
Aim: a hobgoblin (heavily wounded)
You miscast Sandblast.
You are very lightly contaminated with residual magic.
Nothing appears to happen.
The hobgoblin closely misses you.
You now have 0/3 mp.
You barely miss the hobgoblin. The hobgoblin misses you.
You barely miss the hobgoblin. The hobgoblin closely misses you.
You closely miss the hobgoblin. The hobgoblin completely misses you.
You closely miss the hobgoblin. The hobgoblin closely misses you.
You closely miss the hobgoblin. The hobgoblin barely misses you.
You barely miss the hobgoblin. The hobgoblin hits you.
* * * LOW HITPOINT WARNING * * *
You take 2 damage, and have 3/10 hp.
You hit the hobgoblin but do no damage.
The hobgoblin hits you but does no damage.
You hit the hobgoblin but do no damage. The hobgoblin hits you.
You die...

#.####... #.......
#...... ..... #...
#..# #K## #####g.#
##...@#.##
####............
##......#######...#
#......##.....##..#
#.....##.......##.#
...#.....#.........#.#
#........#.........#.#
#..#..###'###......#.#
#...##..#..##.....#.#


You could see a hobgoblin and a kobold.

Vanquished Creatures
  A dart slug (D:1)
  A goblin (D:1)
  A bat (D:1)
3 creatures vanquished.

Notes
Turn   | Place    | Note
-------+----------+-------------------------------------------
     0 | D:1      | taqueso the Gargoyle Earth Elementalist began the quest for the Orb.
     0 | D:1      | Reached XP level 1. HP: 10/10 MP: 3/3
   142 | D:1      | Reached skill level 4 in Earth Magic
   368 | D:1      | Slain by a hobgoblin

Vault maps used:
D:1:      co_arrival_two_rings

Skill      XL: |  1 |
---------------+----+-----
Earth Magic    | 4 |  4.1
Dodging        | |  1.5
Stealth        | |  2.1
Spellcasting   | |  2.0
Transmutations | |  0.7

Action                   || total
-------------------------++-------
Melee: Unarmed           ||    26
Throw: Stone             ||     9
 Cast: Sandblast         ||     5
Armor: Robe              ||     7
Dodge: Dodged            ||    23

Vault maps used:
D:1:      co_arrival_two_rings

Table legend:
 A = Turns spent in this place as a percentage of turns spent in the entire game.
 B = Non-inter-level travel turns spent in this place as a percentage of non-inter-level travel turns spent in the entire game.
 C = Inter-level travel turns spent in this place as a percentage of turns spent in this place.
 D = Turns resting spent in this place as a percentage of non-inter-level travel turns spent in this place.
 E = Turns spent auto-exploring this place as a percentage of non-inter-level travel turns spent in this place.
 F = Non-inter-level travel turns spent in this place divided by the number of levels of this place that you've seen.
                   A       B       C       D       E      F
               +-------+-------+-------+-------+-------+----------------------
         Total | 100.0 | 100.0 |   0.0 |   5.2 |   6.5 |  77.0
       Dungeon | 100.0 | 100.0 |   0.0 |   5.2 |   6.5 |  77.0
               +-------+-------+-------+-------+-------+----------------------

Table legend:
 A = Kills in this place as a percentage of kills in entire the game.
 B = Kills by you in this place as a percentage of kills by you in the entire game.
 C = Kills by friends in this place as a percentage of kills by friends in the entire game.
 D = Other kills in this place as a percentage of other kills in the entire game.
 E = Experience gained in this place as a percentage of experience gained in the entire game.
 F = Experience gained in this place divided by the number of levels of this place that you have seen.
                   A       B       C       D       E      F
               +-------+-------+-------+-------+-------+----------------------
         Total | 100.0 | 100.0 |  -nan |  -nan | 100.0 |   7.0
       Dungeon | 100.0 | 100.0 |  -nan |  -nan | 100.0 |   7.0
               +-------+-------+-------+-------+-------+----------------------
